[Event "January 9 Early 2024"]
[Site "https://www.chess.com"]
[Date "2024.01.11"]
[Round "9"]
[White "Rodriguez Santiago, Jaime"]
[Black "Avramidou, Anastasia"]
[Result "0-1"]
[Board "201"]
[TimeControl "180+1"]
[WhiteFideId "3100898"]
[BlackFideId "4239873"]
[WhiteElo "2302"]
[BlackElo "2525"]
[WhiteTeam "PUR"]
[BlackTeam "GRE"]
[WhiteClock "0:00:09"]
[BlackClock "0:00:07"]

1. d4 Nf6 2. c4 g6 3. Nc3 Bg7 4. e4 d6 5. Be2 O-O 6. Bg5 c5 7. d5 e6 8. Qd2 exd5 9. exd5 Re8 10. Nf3 Bf5 11. O-O a6 12. a4 Nbd7 13. h3 Qc7 14. Bd3 Ne4 15. Nxe4 Bxe4 16. Bxe4 Rxe4 17. Qc2 Rae8 18. Rfe1 f5 19. Bd2 Nf6 20. Ng5 Rxe1+ 21. Rxe1 Rxe1+ 22. Bxe1 Qe7 23. Ne6 Ne4 24. f3 Ng5 25. Bh4 Nxf3+ 26. gxf3 Qxh4 27. Kg2 Be5 28. Qb3 Qg3+ 29. Kf1 Qxh3+ 30. Ke1 Qg3+ 31. Kd1 Qg1+ 32. Kc2 Qf2+ 33. Kb1 Qe1+ 34. Ka2 Qb4 35. Qc2 h6 36. f4 Bf6 37. b3 Qe1 38. Qb1 Qxb1+ 39. Kxb1 g5 40. fxg5 hxg5 41. Kc2 Kf7 42. Kd3 Kg6 43. Ke3 Be5 44. Nd8 b6 45. Nc6 Kf6 46. Nb8 g4 47. Nd7+ Ke7 48. Nxb6 f4+ 49. Kf2 Bd4+ 50. Kg2 Kf6 51. Nd7+ Kf5 52. a5 Ke4 53. Nb8 f3+ 54. Kg3 Ke3 55. Nxa6 f2 56. Kxg4 f1=Q 57. Nc7 Qg2+ 58. Kh5 Qh3+ 59. Kg6 Qg4+ 60. Kf7 Qh5+ 61. Ke7 Qh7+ 62. Kd8 Bf6+ 63. Kc8 Qh3+ 64. Ne6 Qh8+ 65. Kb7 Qh7+ 66. Nc7 Bd8 67. a6 Qxc7+ 68. Ka8 Qa5 69. a7 Bb6 70. b4 Qxa7# 0-1

[Event "January 9 Early 2024"]
[Site "https://www.chess.com"]
[Date "2024.01.11"]
[Round "9"]
[White "Maksimovic, Bojan"]
[Black "Hungaski, Robert"]
[Result "0-1"]
[Board "202"]
[TimeControl "180+1"]
[WhiteFideId "14408120"]
[BlackFideId "2021030"]
[WhiteElo "2846"]
[BlackElo "2471"]
[WhiteTeam "BIH"]
[BlackTeam "USA"]
[WhiteClock "0:00:04"]
[BlackClock "0:00:10"]

1. e4 e5 2. Nf3 Nc6 3. Bb5 Nd4 4. Nxd4 exd4 5. O-O Bc5 6. d3 c6 7. Bc4 d6 8. Nd2 Ne7 9. a3 a6 10. Ba2 d5 11. e5 O-O 12. Qh5 Bf5 13. Nf3 Bg6 14. Qh4 Nf5 15. Qxd8 Rfxd8 16. g4 Ne7 17. Bg5 Re8 18. Rae1 a5 19. Kg2 Bb6 20. Kg3 a4 21. Nh4 h6 22. Bxe7 Rxe7 23. f4 Bc7 24. Nf3 Bh7 25. Nxd4 g5 26. Kf3 gxf4 27. e6 Rae8 28. exf7+ Kxf7 29. Rxe7+ Rxe7 30. Bb1 Kf6 31. Kg2 c5 32. Nf3 Re3 33. Rf2 c4 34. h3 b5 35. Rd2 Bb6 36. dxc4 Be4 37. Rf2 dxc4 38. Ba2 c3 39. bxc3 Rxc3 40. Rf1 Rxa3 41. Bg8 Rc3 42. h4 b4 43. g5+ hxg5 44. hxg5+ Kg7 45. Be6 Rxc2+ 46. Kh3 Rc3 47. Kg4 b3 48. Ne5 f3 49. Kf4 Bc7 50. Kxe4 f2 51. Nd3 a3 52. Rxf2 a2 53. Rf1 Bd6 54. Bd5 Ba3 55. Bf7 Bc1 56. Bxb3 a1=Q 57. Rf7+ Kg6 58. Ne5+ Kxg5 59. Rf5+ Kh4 60. Nf3+ Kg3 61. Bd5 Qa4+ 62. Ke5 Bf4+ 63. Kf6 Rc6+ 64. Bxc6 Qxc6+ 65. Kg7 Qxf3 66. Rf7 Qg4+ 67. Kf8 Bd6+ 68. Ke8 Qc8# 0-1

[Event "January 9 Early 2024"]
[Site "https://www.chess.com"]
[Date "2024.01.11"]
[Round "9"]
[White "Ladan, Nicholas"]
[Black "Potkin, Vladimir"]
[Result "0-1"]
[Board "203"]
[TimeControl "180+1"]
[WhiteFideId "30918855"]
[BlackFideId "4131061"]
[WhiteElo "2479"]
[BlackElo "2659"]
[WhiteTeam "USA"]
[BlackTeam "RUS"]
[WhiteClock "0:00:02"]
[BlackClock "0:00:23"]

1. Nf3 d5 2. g3 g6 3. Bg2 Bg7 4. d4 Nf6 5. O-O O-O 6. c4 c6 7. cxd5 cxd5 8. Ne5 Ne4 9. Nd2 Nf6 10. Nb1 Ne4 11. Nd2 Nf6 12. Ndf3 Bf5 13. Bf4 Nbd7 14. Qb3 Qb6 15. Nxd7 Bxd7 16. Ne5 Bf5 17. Qxb6 axb6 18. a3 Rfc8 19. Rfc1 b5 20. Rxc8+ Rxc8 21. Rc1 Rxc1+ 22. Bxc1 Ne4 23. g4 Bc8 24. f3 Nd6 25. e3 Nc4 26. Nd3 f6 27. f4 e6 28. f5 exf5 29. Bxd5+ Kf8 30. gxf5 Bxf5 31. Nc5 b6 32. Ne6+ Bxe6 33. Bxe6 f5 34. Kf2 Ke7 35. Bg8 h5 36. Bd5 Bh6 37. Bc6 Nd6 38. Bd2 Ke6 39. Kf3 g5 40. d5+ Kf7 41. Bb4 g4+ 42. Ke2 Bf8 43. Bd7 Kf6 44. Bc3+ Kg5 45. Be5 Nc4 46. Bf4+ Kg6 47. b3 Nxa3 48. Kd3 b4 49. Be8+ Kf6 50. Bd7 Nb1 51. Kd4 Nc3 52. Be5+ Kg5 53. Bf4+ Kg6 54. Be8+ Kf6 55. Bxh5 Ne4 56. Be5+ Kg5 57. Bf7 Bc5+ 58. Kd3 Bd6 59. Bxd6 Nxd6 60. Be6 Kf6 61. Kd4 Nb5+ 62. Kc4 Ke5 63. Kxb4 Nd6 64. Kc3 Ne4+ 65. Kd3 Ng5 66. Ke2 Nf3 67. Bxf5 Kxf5 68. h3 Ng1+ 69. Kf2 Nxh3+ 70. Kg3 Ng5 71. d6 Ne4+ 72. Kh4 Nxd6 73. Kg3 Ne4+ 0-1

[Event "January 9 Early 2024"]
[Site "https://www.chess.com"]
[Date "2024.01.11"]
[Round "9"]
[White "Caspi, Israel"]
[Black "Hambleton, Aman"]
[Result "1-0"]
[Board "204"]
[TimeControl "180+1"]
[WhiteFideId "2807394"]
[BlackFideId "2606577"]
[WhiteElo "2645"]
[BlackElo "2749"]
[WhiteTeam "ISR"]
[BlackTeam "CAN"]
[WhiteClock "0:00:20"]
[BlackClock "0:00:08"]

1. d4 e5 2. dxe5 Nc6 3. Nf3 Qe7 4. Nc3 Nxe5 5. Nd5 Nxf3+ 6. gxf3 Qd8 7. Rg1 c6 8. Nc3 d5 9. e4 Nf6 10. exd5 Nxd5 11. Nxd5 Qxd5 12. Qxd5 cxd5 13. Bb5+ Bd7 14. Bxd7+ Kxd7 15. Be3 Kc6 16. O-O-O g6 17. Rg4 Bc5 18. c4 Bxe3+ 19. fxe3 Rad8 20. Rgd4 Rhe8 21. cxd5+ Kd6 22. e4 f5 23. Kd2 fxe4 24. fxe4 Re5 25. Rf1 Rh5 26. Rf2 Ke5 27. Rb4 Rd7 28. a4 a6 29. a5 Rh4 30. Re2 Rh3 31. Rc4 Rh4 32. Kc3 Rh3+ 33. Kb4 Rf3 34. Rc8 g5 35. Rg8 h6 36. Rg6 Kd4 37. d6 Kd3 38. Re1 Rf2 39. b3 Kd4 40. e5 Kd5 41. e6 Rf4+ 42. Ka3 Rxd6 43. e7 Rxg6 44. e8=Q Rd6 45. Rd1+ Rd4 46. Rc1 Re6 47. Qd7+ Rd6 48. Qxb7+ Ke5 49. Rf1 Rf4 50. Qe7+ Re6 51. Qc5+ Kf6 52. Rd1 Rf5 53. Qc3+ Kg6 54. h3 Ree5 55. b4 Re6 56. Rd3 Ref6 57. Qc4 h5 58. Ka4 Kh6 59. Qc8 g4 60. hxg4 hxg4 61. Qh8+ Kg5 62. Qg7+ Rg6 63. Qe7+ Rgf6 64. Rd6 Kg6 65. Rd4 Kg5 66. Qg7+ Rg6 67. Rxg4+ Kxg4 68. Qxg6+ Kf4 69. Qxa6 Kg3 70. Qb6 Rf4 71. Qc7 Kh3 72. Qxf4 Kg2 73. Qe3 Kh2 74. Qf3 Kg1 75. Qe2 Kh1 76. b5 Kg1 77. b6 Kh1 78. b7 Kg1 79. a6 Kh1 80. a7 Kg1 81. b8=Q Kh1 82. a8=Q+ Kg1 83. Qb1# 1-0

[Event "January 9 Early 2024"]
[Site "https://www.chess.com"]
[Date "2024.01.11"]
[Round "9"]
[White "Gurevich, Dmitry"]
[Black "Eilenberg, Jonas"]
[Result "1-0"]
[Board "205"]
[TimeControl "180+1"]
[WhiteFideId "2000407"]
[BlackFideId "16204271"]
[WhiteElo "2532"]
[BlackElo "2407"]
[WhiteTeam "USA"]
[BlackTeam "GER"]
[WhiteClock "0:00:04"]
[BlackClock "0:00:09"]

1. d4 d5 2. c4 e6 3. Nc3 a6 4. e3 Nf6 5. Nf3 dxc4 6. Bxc4 b5 7. Bd3 Bb7 8. O-O c5 9. a4 b4 10. Ne2 Nbd7 11. Ng3 Bd6 12. b3 O-O 13. Bb2 Rc8 14. Qe2 Qb6 15. a5 Qa7 16. Rfd1 Rfd8 17. Bc4 Bxg3 18. hxg3 Ne4 19. Rac1 Qa8 20. Ne1 h6 21. Qg4 Ndf6 22. Qh4 Bd5 23. f3 Bxc4 24. Rxc4 Nd6 25. Rxc5 Rxc5 26. dxc5 Nf5 27. Rxd8+ Qxd8 28. Qxb4 Nd5 29. Qd2 Nfxe3 30. Nc2 Nxc2 31. Qxc2 Qxa5 32. c6 Qc7 33. f4 f6 34. Ba3 Kf7 35. Qc5 Ne7 36. Kh2 Nxc6 37. Qf8+ Kg6 38. Qe8+ Kh7 39. Qxe6 Nd8 40. Qe4+ Kg8 41. Be7 Nf7 42. Bb4 Nd8 43. Qe8+ Kh7 44. Be7 Nc6 45. Bc5 Nd8 46. Qe4+ Kg8 47. b4 Qc6 48. Qc4+ Ne6 49. Qb3 Kh7 50. Be3 Nf8 51. f5 Nd7 52. Qe6 Ne5 53. Qxc6 Nxc6 54. Bc5 Ne5 55. Kh3 Kg8 56. Bd6 Kf7 57. Bxe5 fxe5 58. g4 Kf6 59. Kg3 h5 60. Kf3 hxg4+ 61. Kxg4 g6 62. fxg6 Kxg6 63. Kf3 Kf5 64. Ke3 e4 65. g3 Ke5 66. g4 Kd5 67. g5 Ke5 68. g6 Kf6 69. Kxe4 Kxg6 70. Kd5 Kf7 71. Kc6 Ke7 72. Kb6 Kd7 73. Kxa6 Kc6 74. Ka5 Kc7 75. Ka6 Kc6 76. b5+ Kc7 77. Ka7 1-0

[Event "January 9 Early 2024"]
[Site "https://www.chess.com"]
[Date "2024.01.11"]
[Round "9"]
[White "Ghosh, Chanchal Kumer"]
[Black "Santos Flores, Alberto"]
[Result "0-1"]
[Board "206"]
[TimeControl "180+1"]
[WhiteFideId "10201858"]
[BlackFideId "3601234"]
[WhiteElo "2093"]
[BlackElo "2509"]
[WhiteTeam "BAN"]
[BlackTeam "ECU"]
[WhiteClock "0:00:05"]
[BlackClock "0:00:04"]

1. e4 e6 2. Nf3 d5 3. Nc3 Nf6 4. e5 Ne4 5. d3 Nxc3 6. bxc3 c5 7. d4 Nc6 8. Bd3 Qa5 9. Bd2 cxd4 10. cxd4 Bb4 11. a3 Bxd2+ 12. Qxd2 Qxd2+ 13. Kxd2 b6 14. c4 dxc4 15. Bxc4 Bb7 16. Rhd1 Ke7 17. Ke1 Rhd8 18. d5 exd5 19. Bxd5 Na5 20. Bxb7 Nxb7 21. Ng5 Nc5 22. Ke2 h6 23. Nh3 g5 24. f4 gxf4 25. Nxf4 Rxd1 26. Rxd1 Rd8 27. Nd5+ Kf8 28. Ke3 b5 29. Nc3 Rxd1 30. Nxd1 Ke7 31. Kd4 Nd7 32. Kd5 a5 33. Ne3 b4 34. axb4 axb4 35. Nf5+ Kf8 36. Nd4 Kg7 37. g4 Kg6 38. h4 h5 39. g5 Nf8 40. Kc4 Nh7 41. Kxb4 Nxg5 42. hxg5 Kxg5 43. Kc4 Kf4 44. Kd5 h4 45. Ne2+ Kf3 46. Nd4+ Kg2 47. Ne2 Kf3 48. Nd4+ Kf2 49. Ke4 h3 50. Nf5 h2 51. Nd6 h1=Q+ 52. Kf5 Qh5+ 53. Kf6 Qg6+ 54. Ke7 Qe6+ 55. Kf8 Qxe5 56. Nxf7 Qf6 57. Kg8 Kf3 58. Nh8 Qe7 59. Nf7 Kg4 60. Kg7 Kf5 61. Kg8 Kg6 62. Nh8+ Kh6 63. Nf7+ Kg6 64. Nh8+ Kf6 65. Nf7 Qxf7+ 66. Kh8 Qg7# 0-1

[Event "January 9 Early 2024"]
[Site "https://www.chess.com"]
[Date "2024.01.11"]
[Round "9"]
[White "Kolmagorov, Alexey"]
[Black "Tikhonov, Viacheslav"]
[Result "1-0"]
[Board "207"]
[TimeControl "180+1"]
[WhiteFideId "34129402"]
[BlackFideId "44196407"]
[WhiteElo "2392"]
[BlackElo "2512"]
[WhiteTeam "RUS"]
[BlackTeam "RUS"]
[WhiteClock "0:00:42"]
[BlackClock "0:00:08"]

1. d4 Nf6 2. c4 g6 3. g3 c6 4. Bg2 d5 5. Nf3 Bg7 6. Nbd2 O-O 7. O-O Bf5 8. b3 a5 9. Bb2 a4 10. Nh4 Be6 11. e4 dxe4 12. Nxe4 Nxe4 13. Bxe4 Bh3 14. Re1 c5 15. Bxb7 Ra7 16. Bg2 Bxg2 17. Nxg2 a3 18. Bc3 cxd4 19. Bb4 d3 20. Rb1 Nc6 21. Bc5 Rd7 22. Qd2 Nd4 23. Bxd4 Bxd4 24. Nf4 Bb2 25. Nd5 e6 26. Nf4 Qf6 27. Re3 Bc3 28. Qc1 Rfd8 29. b4 d2 30. Qxc3 Qxc3 31. Rxc3 d1=Q+ 32. Rxd1 Rxd1+ 33. Kg2 g5 34. Nh5 R1d3 35. Rc1 Rd1 36. Rc3 R8d3 37. Rc2 R1d2 38. Rc1 Rxa2 39. c5 Rb2 40. c6 Rd8 41. Nf6+ Kg7 42. Ne4 Rxb4 43. c7 Rc8 44. Nd6 a2 45. Ra1 Ra8 46. c8=Q Rxc8 47. Nxc8 Ra4 48. Nd6 f5 49. Nb5 Kf6 50. Nc3 Ra3 51. Nb5 Ra5 52. Nd4 h5 53. Nb3 Ra3 54. Nc1 Rc3 55. h4 gxh4 56. gxh4 f4 57. Ne2 Rc2 58. Nxf4 Kf5 59. Nd3 Kg4 60. Nb4 Rb2 61. Nxa2 Kxh4 62. Nc3 Kg5 63. Ra5+ Kg6 64. Ne4 Re2 65. Ng3 Re1 66. Nxh5 Kf7 67. Nf4 Ke7 68. Nd3 Re4 69. Re5 Rd4 70. Nf4 Rd6 71. Kf3 Kf6 72. Rxe6+ Rxe6 73. Nxe6 Kxe6 74. Kf4 Kf6 75. f3 Kg6 76. Ke5 Kg7 77. Kf5 Kg8 78. Kf6 Kh8 79. f4 Kg8 80. f5 Kf8 81. Kg6 Kg8 82. f6 Kh8 83. Kf7 Kh7 84. Ke7 Kg6 85. f7 Kh7 86. f8=Q Kg6 87. Qf6+ Kh7 88. Qg5 Kh8 89. Kf7 Kh7 90. Qg7# 1-0

[Event "January 9 Early 2024"]
[Site "https://www.chess.com"]
[Date "2024.01.11"]
[Round "9"]
[White "Madaminov, Mukhiddin"]
[Black "Pranav, V"]
[Result "0-1"]
[Board "208"]
[TimeControl "180+1"]
[WhiteFideId "14210703"]
[BlackFideId "25060783"]
[WhiteElo "2855"]
[BlackElo "3042"]
[WhiteTeam "UZB"]
[BlackTeam "IND"]
[WhiteClock "0:00:01"]
[BlackClock "0:00:04"]

1. e4 e5 2. Nf3 Nc6 3. Bb5 a6 4. Ba4 Nf6 5. O-O b5 6. Bb3 Bc5 7. a4 Rb8 8. c3 d6 9. d4 Bb6 10. a5 Ba7 11. h3 O-O 12. Be3 Re8 13. Nbd2 h6 14. Re1 Ra8 15. Qb1 Qe7 16. Qa2 Nd8 17. Rad1 c5 18. dxe5 dxe5 19. Bd5 Rb8 20. c4 Bb7 21. b3 Nc6 22. Bxc6 Bxc6 23. Qa1 Nxe4 24. Nxe4 Bxe4 25. Nxe5 Qf6 26. Nd7 Qg6 27. f3 Bxf3 28. Rd2 Rbd8 29. Ne5 Rxd2 30. Nxg6 Rxg2+ 31. Kf1 Rxg6 32. Bf4 Rd8 33. Qc3 Bc6 34. Re7 Rd1+ 35. Ke2 Rd4 36. Be3 b4 37. Qe1 Rg2+ 38. Kf1 Rd6 39. Rxa7 Rf6+ 40. Bf2 Rh2 41. Qe3 Bf3 42. Ke1 Rh1+ 43. Kd2 Rh2 44. Rxa6 Rxa6 45. Qxf3 Rf6 46. Qxf6 gxf6 47. Ke2 Rxh3 48. Bxc5 Rxb3 49. a6 Ra3 50. a7 Ra2+ 51. Kd3 b3 52. Kc3 b2 53. Kc2 h5 54. Kb1 Ra6 55. Kxb2 h4 56. Kb3 h3 57. Bg1 Rxa7 58. c5 Kf8 59. Kc4 Ke8 60. c6 Ra1 61. Bh2 Rh1 0-1

[Event "January 9 Early 2024"]
[Site "https://www.chess.com"]
[Date "2024.01.11"]
[Round "9"]
[White "Kozak, Antoni"]
[Black "Arslanov, Shamil"]
[Result "1-0"]
[Board "209"]
[TimeControl "180+1"]
[WhiteFideId "21832030"]
[BlackFideId "4192826"]
[WhiteElo "2766"]
[BlackElo "2630"]
[WhiteTeam "POL"]
[BlackTeam "RUS"]
[WhiteClock "0:00:17"]
[BlackClock "0:00:01"]

1. e4 d6 2. Nc3 a6 3. Bc4 b5 4. Bxf7+ Kxf7 5. Qh5+ g6 6. Qd5+ e6 7. Qxa8 Nf6 8. Qxb8 Be7 9. Nf3 Kg7 10. a4 Nd7 11. Qa7 b4 12. Qd4+ e5 13. Qxb4 Rf8 14. Nd5 Bh4 15. Qc3 Nc5 16. Qe3 Bg4 17. Nxh4 Qxh4 18. d3 Ne6 19. Qh6+ Qxh6 20. Bxh6+ Kxh6 21. f3 Bh5 22. g4 Nd4 23. O-O-O c6 24. Nc3 Rxf3 25. gxh5 g5 26. Rdf1 Rh3 27. Rf6+ Kxh5 28. Rxd6 g4 29. Rd7 h6 30. Rg7 Kh4 31. Kd1 h5 32. Ne2 Nf3 33. Ng3 Rxh2 34. Rxh2+ Nxh2 35. Nxh5 Nf3 36. Nf6 g3 37. Ke2 Nd4+ 38. Kf1 Nxc2 39. Kg1 Ne1 40. Rh7+ Kg5 41. Nd7 Nxd3 42. Kg2 Kf4 43. Rf7+ Kxe4 44. Kxg3 Nxb2 45. Nc5+ Kd4 46. Nxa6 Nxa4 47. Rd7+ Ke3 48. Nb4 c5 49. Nd5+ Ke4 50. Nf6+ Kf5 51. Ng4 Nc3 52. Nf2 Ne2+ 53. Kf3 Nd4+ 54. Ke3 Ke6 55. Rd8 Nf5+ 56. Kd2 Nd6 57. Rh8 Kd5 58. Rd8 Ke6 59. Ke2 Ke7 60. Ra8 Ke6 61. Nd3 c4 62. Nb4 Ne4 63. Rc8 c3 64. Ke3 Kf5 65. Rf8+ Nf6 66. Nd5 c2 67. Rxf6+ Kg4 68. Rc6 e4 69. Kxe4 Kg5 70. Rxc2 Kh6 71. Rg2 Kh7 72. Kf5 Kh8 73. Kf6 1-0

[Event "January 9 Early 2024"]
[Site "https://www.chess.com"]
[Date "2024.01.11"]
[Round "9"]
[White "Carrillo Marval, Maria Angelica"]
[Black "Mammadov, Ziya"]
[Result "1-0"]
[Board "210"]
[TimeControl "180+1"]
[WhiteFideId "3911853"]
[BlackFideId "13418890"]
[WhiteElo "2101"]
[BlackElo "1964"]
[WhiteTeam "PAN"]
[BlackTeam "AZE"]
[WhiteClock "0:00:08"]
[BlackClock "0:00:05"]

1. e4 e6 2. d4 d5 3. e5 c5 4. c3 Nc6 5. Nf3 Qb6 6. a3 Nge7 7. b4 cxd4 8. cxd4 Nf5 9. Be3 a5 10. b5 Na7 11. a4 Bb4+ 12. Nbd2 Bc3 13. Rc1 Bxd4 14. Nxd4 Nxd4 15. Nb3 Qd8 16. Bxd4 Bd7 17. Be2 O-O 18. O-O b6 19. Qd2 Rc8 20. Rxc8 Nxc8 21. Rc1 Ne7 22. Bg4 g6 23. Qe3 Nc8 24. Qc3 h5 25. Bf3 Qg5 26. Be3 Qf5 27. h3 g5 28. Bxh5 Qe4 29. Qd4 Qf5 30. Bg4 Qg6 31. Rc7 Rd8 32. Qc3 Qb1+ 33. Kh2 Qg6 34. Rxd7 Rf8 35. Rc7 Qb1 36. Qc2 Qxc2 37. Rxc2 Ne7 38. Nd4 Ng6 39. Bxg5 Nxe5 40. Bf6 Nd7 41. Bh4 Nc5 42. Ra2 Rc8 43. Nc6 f5 44. Ne7+ Kf7 45. Nxc8 fxg4 46. hxg4 e5 47. Nxb6 d4 48. Nc4 d3 49. Nxe5+ Ke6 50. Nxd3 Nxd3 51. Re2+ Kf7 52. b6 Nc5 53. Re5 Nb7 54. Rb5 Kg6 55. Bg3 Kf7 56. f4 Ke6 57. Kh3 Nd6 58. Rxa5 Nc4 59. f5+ Kf6 60. Rb5 Nd2 61. b7 Kg5 62. f6+ Kg6 63. b8=Q Ne4 64. Qg8+ Kxf6 65. Rf5+ Ke7 66. Qf8+ Ke6 67. Re5+ Kd7 68. Rxe4 Kc6 69. Re5 Kd7 70. Qf7+ Kd6 71. Qf6+ Kd7 72. Re7+ Kd8 73. Qf8# 1-0

[Event "January 9 Early 2024"]
[Site "https://www.chess.com"]
[Date "2024.01.11"]
[Round "9"]
[White "Trost, Edvin"]
[Black "Wagner, Dennis"]
[Result "1/2-1/2"]
[Board "211"]
[TimeControl "180+1"]
[WhiteFideId "1729519"]
[BlackFideId "24650684"]
[WhiteElo "2629"]
[BlackElo "2740"]
[WhiteTeam "SWE"]
[BlackTeam "GER"]
[WhiteClock "0:00:09"]
[BlackClock "0:00:20"]

1. d4 Nf6 2. c4 e6 3. Nc3 Bb4 4. e3 c5 5. a3 Bxc3+ 6. bxc3 d6 7. Bd3 Nc6 8. Ne2 O-O 9. O-O b6 10. Ng3 Ne8 11. d5 Na5 12. e4 Ba6 13. Qg4 Qc8 14. Qh4 Bxc4 15. Bxc4 Nxc4 16. Nh5 b5 17. a4 bxa4 18. Rxa4 Nb6 19. Ra3 exd5 20. exd5 Nxd5 21. c4 Ndf6 22. Nxg7 Nxg7 23. Qxf6 Qe6 24. Qh4 Nf5 25. Qg4+ Kh8 26. Bb2+ f6 27. Rf3 Nd4 28. Qxe6 Nxe6 29. Rd1 Nd4 30. Bxd4 cxd4 31. Rxd4 a5 32. Rxd6 a4 33. Ra3 Rfb8 34. g3 Kg7 35. c5 Rb4 36. c6 Rc4 37. Rd7+ Kg6 38. c7 Rc8 39. Kg2 h5 40. Re7 R8xc7 41. Rxc7 Rxc7 42. Rxa4 Rd7 43. Kf3 Rc7 44. Rd4 Rb7 45. Rd8 Rb3+ 46. Kg2 Rb7 47. Rg8+ Kh6 48. Rc8 Kg6 49. Rc4 Kg5 50. Rh4 Kg6 51. Rf4 Rb5 52. Ra4 Rc5 53. Ra7 Rb5 54. Rc7 Ra5 55. Rb7 Rc5 56. Kh3 Rc4 57. Kg2 Rc2 58. Rb5 Rc4 59. Rb3 h4 60. Rb8 hxg3 61. fxg3 Rc2+ 62. Kh3 Ra2 63. Rg8+ Kf7 64. Rg4 f5 65. Rc4 Kg6 66. Rc6+ Kg5 67. Rc8 Kh5 68. Rh8+ Kg5 69. Rh7 Kg6 70. Rh8 Rb2 71. Rd8 Ra2 72. Rd1 Rb2 73. Rh1 Kg5 74. Rf1 Ra2 75. Rg1 Rb2 76. Rg2 Rb8 77. Rf2 Rh8+ 78. Kg2 Ra8 79. Rd2 Ra3 80. Rd5 Ra2+ 81. Kh3 Rb2 82. Rc5 Ra2 83. Rd5 Rb2 84. Rd1 Ra2 85. Rg1 Ra8 86. Rf1 Ra2 87. Rg1 1/2-1/2

[Event "January 9 Early 2024"]
[Site "https://www.chess.com"]
[Date "2024.01.11"]
[Round "9"]
[White "Haug, Havard"]
[Black "Drygalov, Sergey"]
[Result "0-1"]
[Board "212"]
[TimeControl "180+1"]
[WhiteFideId "1547887"]
[BlackFideId "24171743"]
[WhiteElo "2794"]
[BlackElo "2950"]
[WhiteTeam "NOR"]
[BlackTeam "RUS"]
[WhiteClock "0:00:02"]
[BlackClock "0:00:10"]

1. e4 c5 2. c3 Nf6 3. e5 Nd5 4. Nf3 e6 5. d4 cxd4 6. cxd4 d6 7. Bc4 Nc6 8. O-O Be7 9. Qe2 O-O 10. Qe4 Bd7 11. Bd3 f5 12. exf6 Nxf6 13. Qe2 Nb4 14. Bc4 d5 15. Bb3 Nc6 16. Nc3 a6 17. Be3 Bd6 18. Ne5 Nxe5 19. dxe5 Bxe5 20. Bc5 Bxh2+ 21. Kh1 Ne4 22. Nxe4 Qh4 23. Be7 Qxe7 24. Kxh2 dxe4 25. Qxe4 Kh8 26. f3 Qc5 27. Rac1 Qh5+ 28. Kg1 Bc6 29. Qxe6 Rae8 30. Qg4 Qe5 31. Rfe1 Qxb2 32. Qg3 Qd4+ 33. Kh2 g6 34. Rxe8 Rxe8 35. Re1 Rxe1 36. Qxe1 Qd6+ 37. Kg1 Kg7 38. Qc3+ Qf6 39. Qc5 h5 40. Qe3 h4 41. Qc5 h3 42. gxh3 Bxf3 43. Qc7+ Kh6 44. Qc1+ Qg5+ 45. Qxg5+ Kxg5 46. Kf2 Kf4 47. h4 Be4 48. Bd1 b5 49. Be2 Bd5 50. a3 Bf7 51. Kg2 Be8 52. Kf2 a5 53. Bd1 b4 54. axb4 axb4 55. Bc2 Kg4 56. Ke3 Kxh4 57. Kd4 g5 58. Kc4 Kg3 59. Kxb4 Kf2 60. Bf5 Ke3 61. Kc3 Bb5 62. Bc8 Be2 63. Bf5 Bf3 64. Bc8 Be4 65. Bd7 Kf4 66. Kd2 Bf5 67. Bc6 g4 68. Ke2 Kg3 69. Kf1 Kh2 70. Ba8 g3 71. Bb7 Bh3+ 72. Ke1 Bg2 73. Ba6 Be4 74. Bf1 Bd5 75. Kd2 Bc4 0-1

[Event "January 9 Early 2024"]
[Site "https://www.chess.com"]
[Date "2024.01.11"]
[Round "9"]
[White "Dmitrenko, Viktor"]
[Black "Pinheiro, Iung Alicio de O."]
[Result "1-0"]
[Board "213"]
[TimeControl "180+1"]
[WhiteFideId "14110270"]
[BlackFideId "2104350"]
[WhiteElo "2464"]
[BlackElo "2581"]
[WhiteTeam "UKR"]
[BlackTeam "BRA"]
[WhiteClock "0:00:07"]
[BlackClock "0:00:01"]

1. Nf3 d5 2. d4 Nf6 3. Bg5 Ne4 4. h4 h6 5. Bf4 c5 6. e3 Nc6 7. c3 Qb6 8. Qc1 Bf5 9. Nbd2 cxd4 10. exd4 Rc8 11. Be2 e6 12. O-O Be7 13. g3 g5 14. hxg5 hxg5 15. Be3 g4 16. Nh2 Nf6 17. Nb3 Rg8 18. Qd1 Qd8 19. a4 Bd6 20. a5 Qe7 21. Nc5 Rg6 22. b4 Kf8 23. Qd2 Kg7 24. Bf4 Rh8 25. Kg2 Ne4 26. Qe3 e5 27. dxe5 Nxe5 28. Rad1 Nf3 29. Nxf3 gxf3+ 30. Bxf3 Bh3+ 31. Kg1 Bxf4 32. Qxf4 Bxf1 33. Nxe4 dxe4 34. Bxe4 Rgh6 35. Rxf1 b6 36. a6 Qf6 37. Qg4+ Kf8 38. Rd1 Qe7 39. Rd7 Rh1+ 40. Kg2 R8h2+ 41. Kf3 Qf6+ 42. Qf5 Qxc3+ 43. Rd3 Rxf2+ 44. Kxf2 Qe1+ 45. Kg2 Qg1+ 46. Kf3 Qf1+ 47. Kg4 Qe2+ 48. Qf3 Qb2 49. Rd8+ Kg7 50. Qf5 Qe2+ 51. Bf3 Qe3 52. Qg5+ Qxg5+ 53. Kxg5 Rb1 54. Rd4 Rb3 55. Kg4 Kf6 56. Bb7 Ke5 57. Rf4 f6 58. Rf5+ Ke6 59. Rf4 Ke5 60. Bc8 Rb2 61. b5 Rb3 62. Bd7 Rb2 63. Bc6 Rb3 64. Rf5+ Ke6 65. Rf3 Rb4+ 66. Kh3 Rb2 67. Re3+ Kf5 68. Rd3 Kg5 69. Rd7 f5 70. Rg7+ Kf6 71. Rxa7 Ra2 72. Ra8 Ra1 73. a7 f4 74. Rf8+ Ke7 75. a8=Q 1-0

[Event "January 9 Early 2024"]
[Site "https://www.chess.com"]
[Date "2024.01.11"]
[Round "9"]
[White "Filippova, Margarita"]
[Black "Balla, Tamas-Kristof"]
[Result "0-1"]
[Board "214"]
[TimeControl "180+1"]
[WhiteFideId "34199680"]
[BlackFideId "1208497"]
[WhiteElo "2340"]
[BlackElo "2465"]
[WhiteTeam "RUS"]
[BlackTeam "ROU"]
[WhiteClock "0:00:11"]
[BlackClock "0:00:09"]

1. e4 c5 2. Nf3 Nc6 3. c3 Nf6 4. e5 Nd5 5. d4 cxd4 6. cxd4 d6 7. Bc4 dxe5 8. Nxe5 e6 9. O-O Bd6 10. Nf3 h6 11. Nc3 O-O 12. Re1 Nxc3 13. bxc3 b6 14. a4 Bb7 15. Ba3 Rc8 16. Bxd6 Qxd6 17. Bd3 Ne7 18. Rc1 Nd5 19. Qb3 Nf4 20. Be4 Bxe4 21. Rxe4 Qd5 22. Qxd5 Nxd5 23. c4 Nf6 24. Ree1 Rfd8 25. h3 Rc7 26. Rc2 Rdc8 27. Rec1 Ne4 28. a5 Nd6 29. axb6 axb6 30. Nd2 Nf5 31. Nb3 Rd8 32. Rd1 Rcd7 33. Rcd2 Ra8 34. g4 Ne7 35. Kg2 Ra3 36. Rd3 Ra4 37. Rc1 Ng6 38. Kg3 Ne5 39. Rdc3 Nc6 40. c5 Nxd4 41. Nxd4 Raxd4 42. cxb6 Rb4 43. Rc8+ Kh7 44. R8c7 Rd3+ 45. Kg2 Kg6 46. R1c6 Rdb3 47. Rb7 Rb2 48. Rcc7 Rf4 49. Kg3 Rbxf2 50. Rc3 Rf1 51. Rb8 Rb4 52. b7 Rfb1 53. Rc7 R4b3+ 54. Kh4 Rh1 55. g5 Rhxh3+ 56. Kg4 h5+ 57. Kf4 Rhf3+ 58. Ke5 Rb5+ 59. Kd6 Rfb3 60. Kc6 h4 61. Rh8 Rb6+ 62. Kd7 Rxb7 63. Rxh4 Rxc7+ 64. Kxc7 Kxg5 65. Rh7 Kg6 66. Rh1 f5 67. Rg1+ Kf6 68. Kd6 Rd3+ 69. Kc5 Rd8 70. Kc4 g5 71. Rh1 g4 72. Rh6+ Ke5 73. Rh7 g3 74. Rg7 Kf4 75. Kc3 Kf3 76. Rf7 f4 77. Re7 g2 78. Rg7 Kf2 79. Kc4 f3 80. Rg6 g1=Q 81. Rxg1 Kxg1 82. Kc5 f2 83. Kc6 f1=Q 84. Kc7 0-1

[Event "January 9 Early 2024"]
[Site "https://www.chess.com"]
[Date "2024.01.11"]
[Round "9"]
[White "Yeritsyan, Hayk"]
[Black "Sokolovsky, Yahli"]
[Result "0-1"]
[Board "215"]
[TimeControl "180+1"]
[WhiteFideId "13307320"]
[BlackFideId "2820242"]
[WhiteElo "2632"]
[BlackElo "2779"]
[WhiteTeam "ARM"]
[BlackTeam "ISR"]
[WhiteClock "0:00:04"]
[BlackClock "0:00:02"]

1. c4 d6 2. d4 e5 3. Nf3 e4 4. Nfd2 f5 5. e3 Nf6 6. Nc3 c6 7. b4 a5 8. b5 c5 9. dxc5 dxc5 10. Bb2 Be6 11. Na4 Nbd7 12. Nb3 Qc7 13. Qc2 b6 14. Be2 Bd6 15. O-O-O O-O 16. h3 f4 17. Rd2 fxe3 18. fxe3 Bg3 19. Rhd1 Rad8 20. Kb1 Ne5 21. Rxd8 Rxd8 22. Rxd8+ Qxd8 23. Nbxc5 bxc5 24. Nxc5 Bf5 25. Bd4 h6 26. Qb3 Kh7 27. b6 Nc6 28. Bc3 Qd6 29. Qb5 Nd7 30. Nxd7 Bxd7 31. c5 Qd5 32. Qc4 Qxc4 33. Bxc4 Kg6 34. Kb2 Bh4 35. Bd5 Bf6 36. Bxe4+ Kf7 37. Bd5+ Ke7 38. Kb3 Bxc3 39. Kxc3 Nb4 40. e4 Bc6 41. Kd4 Bxd5 42. exd5 Kd7 43. Kc4 Nxa2 44. Kb5 Nc3+ 45. Kc4 Ne4 46. c6+ Kd6 47. c7 Kd7 48. Kb5 Nc3+ 49. Kxa5 Nxd5 50. Ka6 Nxc7+ 51. bxc7 Kxc7 52. Kb5 Kd6 53. Kc4 Ke5 54. Kd3 Kf4 55. Ke2 Kg3 56. Kf1 g6 57. Kg1 h5 58. Kh1 Kf2 59. Kh2 g5 60. Kh1 Kf1 61. Kh2 Ke2 62. Kg3 Ke3 63. Kh2 Kf4 64. Kh1 Ke4 65. Kg1 Kd4 66. Kf2 Ke4 67. g3 Kd4 68. Kf3 Kd3 69. h4 g4+ 70. Kf4 Ke2 71. Kg5 Kf3 72. Kxh5 Kxg3 73. Kg6 Kxh4 0-1